 Dungeon Crawl Stone Soup version 0.27-a0-869-g165b36e3f0 (webtiles) character file.

Game seed: 5361378907717620192

99 rageheart7 the Slasher (level 4, -7/42 HPs)
             Began as a Tengu Gladiator on Apr 2, 2021.
             Killed from afar by Sigmund (9 damage)
             ... with a magic dart
             ... on level 3 of the Dungeon.
             The game lasted 00:03:28 (1867 turns).

rageheart7 the Slasher (Tengu Gladiator)            Turns: 1867, Time: 00:03:29

Health: -7/42      AC: 22    Str: 15    XL:     4   Next: 72%
Magic:  5/5        EV:  2    Int:  8    God:
Gold:   127        SH:  0    Dex: 16    Spells: 3/3 levels left

rFire    . . .     SeeInvis .   a - +1 long sword
rCold    . . .     Faith    .   (no shield)
rNeg     + + +     Spirit   .   (armour currently unavailable)
rPois    +         Reflect  .   (helmet currently unavailable)
rElec    .         Harm     .   (cloak currently unavailable)
rCorr    .         Rampage  .   (gloves currently unavailable)
Will     .....     NoTele   +   (boots unavailable)
Stlth    +.........             (no amulet)
HPRegen  0.14/turn              (no ring)
MPRegen  0.09/turn              (no ring)

@: tree-form
A: stationary, stasis, torment immunity, boosted hp, (beak), (talons 3)
a: no special abilities


You were on level 3 of the Dungeon.
You were a tree.
You visited 1 branch of the dungeon, and saw 3 of its levels.

You collected 127 gold pieces.

Inventory:

Hand Weapons
 a - a +1 long sword (weapon)
Missiles
 d - a throwing net (quivered)
 o - 3 silver javelins
Armour
 b - a +0 leather armour (melded)
 c - a +0 hat (melded)
 f - a +0 buckler
 l - a +0 pair of gloves (melded)
Scrolls
 g - a scroll of magic mapping
Potions
 h - 2 potions of flight


   Skills:
 * Level 3.6 Fighting
 * Level 4.7 Long Blades
 - Level 2.0 Throwing
 - Level 3.2 Dodging


You had 3 spell levels left.
You didn't know any spells.
Your spell library contained the following spells:

 Spells                   Type           Power      Damage    Failure   Level
 Beastly Appendage        Tmut           0%         N/A       41%         1
 Passwall                 Tmut/Erth      0%         N/A       54%         2
 Wereblood                Tmut           0%         N/A       54%         2
 Portal Projectile        Hex/Tloc       0%         N/A       78%         3
 Spider Form              Tmut/Pois      0%         N/A       78%         3
 Ice Form                 Ice/Tmut       0%         N/A       99%         4
 Hydra Form               Tmut           0%         N/A       100%        5
 Statue Form              Tmut/Erth      0%         N/A       100%        6


Dungeon Overview and Level Annotations

Branches:
Dungeon (3/15)

Altars:
Ashenzari
Fedhas
Nemelex Xobeh
Sif Muna
Yredelemnul

Annotations:
D:3 2 runed translucent doors, Sigmund


Innate Abilities, Weirdness & Mutations

You are a tree.
Your roots penetrate the ground, keeping you stationary.
You cannot be teleported.
You are immune to unholy pain and torment.
Your maximum health is greatly increased.
Your equipment is partially melded.
((You have a beak for a mouth.))
((You have claws for feet.))


Message History

You miss something.
You hear some strange, mumbled words.
A puff of flame appears from out of thin air!
The puff of flame hits you.
You closely miss something. Something hits you.
You hit something.
You hear some strange, mumbled words.
You are confused.
You nearly hit yourself!
Something hits you but does no damage. The rat bites you but does no damage.
You swing at nothing.
Something hits you but does no damage. The rat bites you but does no damage.
You swing at nothing.
Something hits you but does no damage. The rat bites you but does no damage.
Something hits you but does no damage.
There's something in the way.
You nearly hit yourself!
The rat barely misses you. Something hits you.
* * * LOW HITPOINT WARNING * * *
There's something in the way.
You hit something. The rat bites you but does no damage. Something hits you!
* * * LOW HITPOINT WARNING * * *
The rat bites you but does no damage.
There's something in the way.
There's something in the way.
You closely miss something.
You feel less confused. Something hits you but does no damage.
The rat bites you but does no damage.
You barely miss something. Something hits you but does no damage.
The rat bites you.
* * * LOW HITPOINT WARNING * * *
You barely miss something. Something hits you but does no damage.
The rat twitches its whiskers.
The rat bites you but does no damage.
You slash something! Something hits you but does no damage.
The rat bites you but does no damage.
You miss something. Something hits you but does no damage.
The rat bites you but does no damage.
You hear some strange, mumbled words.
A magic dart appears from out of thin air!
The magic dart hits you!
You die...

...#$##*.#*,,,,,,,****
...#..##,.........***************
.....[............,,,,,,,,,,,,,,,
...##.##.........#***************
...#*.............,,,,,*,,,,,,,,,
.#.#*#.#..(......#****,#,********
.#.###.#.........# *.#,*<,,,,,,
.#.............r.#####.#,*******,
.#.............{♣......#,*,,,,,,,
.#.####.>#.######......#,*,******
.#.#..S#.#,* #......#,*,******
.#.#.#.#.#.######......#,*,,,,,,,
,#.#.#.#.#.............#,********
,#.#<#.#.########......#.,,,,,,,,
,#.###.#.# #........********
,#.....#.# #......#.*
,#######.########......#,*


You could see a rat.

Vanquished Creatures
  An orc wizard (D:3)
  2 adders
  2 dart slugs
  7 orcs (D:3)
  5 ball pythons
  2 endoplasms (D:2)
  3 giant cockroaches
  6 goblins
  2 hobgoblins (D:1)
  A jackal (D:3)
  2 bats (D:1)
  4 frilled lizards
  3 kobolds
  4 rats
44 creatures vanquished.

Vanquished Creatures (others)
  4 toadstools (D:1)
4 creatures vanquished.

Grand Total: 48 creatures vanquished

Notes
Turn   | Place    | Note
-------+----------+-------------------------------------------
     0 | D:1      | rageheart7 the Tengu Gladiator began the quest for the Orb.
     0 | D:1      | Reached XP level 1. HP: 12/12 MP: 2/2
   123 | D:1      | Reached XP level 2. HP: 18/18 MP: 3/3
   555 | D:2      | Identified the Collected Works on Orientation and Moulding
   628 | D:2      | Reached XP level 3. HP: 22/22 MP: 4/4
   629 | D:2      | Reached skill level 4 in Long Blades
   835 | D:2      | Found a faded altar of an unknown god.
  1100 | D:3      | Noticed Sigmund
  1133 | D:3      | Found a shimmering blue altar of Sif Muna.
  1391 | D:3      | Reached XP level 4. HP: 23/28 MP: 5/5
  1669 | D:3      | Found a large runed translucent door.
  1669 | D:3      | Found a large runed translucent door.
  1746 | D:3      | Found a sparkling altar of Nemelex Xobeh.
  1746 | D:3      | Found a faded altar of an unknown god.
  1746 | D:3      | Found a basalt altar of Yredelemnul.
  1746 | D:3      | Found a blossoming altar of Fedhas.
  1756 | D:3      | Found a broken altar of Ashenzari.
  1862 | D:3      | HP: 2/42 [something (7)]
  1867 | D:3      | Killed from afar by Sigmund

Illustrated notes

Levels and vault maps discovered:
D:1:      ldierk_water_garden, layout_rooms, lemuel_old_faithful
D:2:      layout_basic, chequers_ecumenical_altar_twisty, minmay_vboxes
D:3:      layout_basic, overflow_temple_1_default,
          chequers_temple_overflow_minitemple, ebering_ghost_disaster_area,
          uniq_sigmund

Skill      XL: |  1  2  3 |
---------------+----------+-----
Long Blades    | 4 |  4.7
Fighting       | 3 |  3.6
Throwing       | |  2.0
Dodging        | |  3.2

Action                   |  1- 3 |  4- 6 || total
-------------------------+-------+-------++-------
Melee: Long sword        |    51 |    25 ||    76
       Kick              |    13 |     8 ||    21
       Peck              |     7 |     2 ||     9
Throw: Throwing net      |       |     2 ||     2
  Use: Scroll            |       |     6 ||     6
       Potion            |       |     4 ||     4
 Stab: Sleeping          |     2 |       ||     2
Armor: Leather armour    |     6 |     5 ||    11
       Skin              |       |    21 ||    21
Dodge: Dodged            |    32 |    10 ||    42
       Rpst.: Long sword |    11 |     3 ||    14

Table legend: (Time is in decaauts)
 A = Elapsed time spent in this place.
 B = Non-inter-level travel time spent in this place.
 C = Inter-level travel time spent in this place.
 D = Time resting spent in this place.
 E = Time spent auto-exploring this place.
 F = Levels seen in this place.
 G = Mean time per level.
                   A        B        C        D        E       F      G
               +--------+--------+--------+--------+--------+-----+--------+
         Total |   1884 |   1853 |     31 |      0 |   1481 |   3 |  628.0 |
       Dungeon |   1884 |   1853 |     31 |      0 |   1481 |   3 |  628.0 |
               +--------+--------+--------+--------+--------+-----+--------+

Top non-repeatable levels by time:
     D:3: 780 daAuts
     D:2: 634 daAuts
     D:1: 469 daAuts
